 Dungeon Sprint DCSS version 0.19.1 (console) character file.

1700000 Morrissey the Imperceptible (level 16, -58/95 HPs)
             Began as a Spriggan Warper on Dec 27, 2016.
             Was a Believer of Makhleb.
             Annihilated by a meat berserker
             ... wielding a +9 battleaxe
              (62 damage)
             ... in the Dungeon (Sprint VIII: "Arena of Blood").
             The game lasted 00:00:39 (17 turns).

Morrissey the Imperceptible (Spriggan Warper)         Turns: 17, Time: 00:00:40

Health: -58/95     AC:  3    Str:  7    XL:     16   Next: 58%
Magic:  7/41       EV: 40    Int: 15    God:    Makhleb [**....]
Gold:   0          SH:  0    Dex: 22    Spells: 0 memorised, 55 levels left

rFire  . . .     SeeInvis +     k - +∞ Axe of Woe
rCold  . . .     Gourm    .     a - +0 robe
rNeg   . . .     Faith    .     (shield currently unavailable)
rPois  .         Spirit   .     (helmet restricted)
rElec  .         Reflect  .     (no cloak)
rCorr  .         Harm     .     (gloves unavailable)
MR     ++...     NoTele   +     (boots unavailable)
Stlth  +++++++++.               (no amulet)
                                (no ring)
                                (no ring)

@: very quick
A: unfitting armour, see invisible, herbivore 3, speed 3, slow metabolism 2
a: Minor Destruction, Renounce Religion


You were in the Dungeon.
You worshipped Makhleb.
Makhleb was pleased with you.
You were not hungry.

You visited 1 branch

Inventory:

Hand Weapons
 k - the +∞ Axe of Woe (weapon)
   (You found it in the Dungeon)
Missiles
 d - 5 tomahawks of dispersal (quivered)
Armour
 a - a +0 robe (worn)
Scrolls
 c - 2 scrolls of blinking
Potions
 e - a potion of curing
 g - a potion of heal wounds
 h - a potion of haste
 i - 2 potions of magic
 j - a potion of berserk rage
Books
 b - a book of Spatial Translocations

   Spells                             Type                      Level
   a - Blink                          Translocation                2
   b - Shroud of Golubria             Charms/Translocation         2
   c - Lesser Beckoning               Translocation                3
   d - Portal Projectile              Translocation                3
   e - Teleport Other                 Translocation                3
   f - Passage of Golubria            Translocation                4
Comestibles
 f - a bread ration


   Skills:
 + Level 15.1 Fighting
 + Level 14.9 Axes
 + Level 17.4 Throwing
 + Level 13.9 Armour
 + Level 23.2 Dodging
 + Level 24.7 Stealth
 + Level 15.1 Unarmed Combat
 + Level 20.2 Spellcasting
   Level 4.4 Translocations
 + Level 17.4 Invocations


You had 55 spell levels left.
You didn't know any spells.

Dungeon Overview and Level Annotations

Branches:
Dungeon (1/1)

Altars:
Makhleb


Innate Abilities, Weirdness & Mutations

You are very small and have problems with some larger weapons.
You are too small for most types of armour.
You have supernaturally acute eyesight. (SInv)
You are a herbivore.
You cover ground extremely quickly.
You need consume almost no food.


Message History

You hear a shout! x5
The bag of meat moves out of view.
You hear a shout!
A bag of meat comes into view. It is wielding a +9 war axe.
Memorise Blink, consuming 2 spell levels and leaving 53?
You hear a shout! x2
The meat berserker rages.
You hear a shout! x2
The bag of meat moves out of view.
You hear a shout! x5
The meat berserker misses you.
You hear a shout!
You start memorising the spell.
You continue memorising.
You hear a shout! x3
The meat berserker rages.
You hear a shout! x4
The meat berserker hits you with a +9 battleaxe!!!
Your memorisation is interrupted.
Ouch! That really hurt!
You die...

... .o #.. .# .
#.. ..# ..###..
..###.
.......###......
........_.O.....
.....#...o.#....
... #_)O._# . .
#.@o..#
......)O_......
.......###.....O
..###.. ..###. .
#.. ..# #o. ..#
... .. ....


You could see 3 meat berserkers and 3 bags of meat.

Vanquished Creatures
  3 ogres (D)
  4 orcs (D)
7 creatures vanquished.

Notes
Turn   | Place    | Note
-------+----------+-------------------------------------------
     0 | D        | Morrissey the Spriggan Warper began the quest for the Orb.
     0 | D        | Reached XP level 1. HP: 10/10 MP: 5/5
     2 | D        | Noticed a bag of meat
     3 | D        | Noticed a meat berserker
     4 | D        | Noticed a bag of meat
     5 | D        | Became a worshipper of Makhleb the Destroyer
     7 | D        | Noticed a meat berserker
     7 | D        | Noticed a bag of meat
     8 | D        | Noticed a bag of meat
     9 | D        | Noticed a bag of meat
    10 | D        | Killed a meat berserker
    10 | D        | Reached skill level 10 in Fighting
    10 | D        | Reached skill level 10 in Axes
    10 | D        | Reached skill level 17 in Stealth
    10 | D        | Reached skill level 10 in Unarmed Combat
    10 | D        | Reached XP level 2. HP: 24/24 MP: 5/17
    10 | D        | Reached XP level 3. HP: 28/28 MP: 5/19
    10 | D        | Reached XP level 4. HP: 32/32 MP: 5/20
    10 | D        | Reached XP level 5. HP: 37/37 MP: 5/22
    10 | D        | Reached XP level 6. HP: 42/42 MP: 5/23
    10 | D        | Reached XP level 7. HP: 46/46 MP: 5/25
    10 | D        | Reached XP level 8. HP: 50/50 MP: 5/26
    10 | D        | Reached XP level 9. HP: 54/54 MP: 5/27
    10 | D        | Reached XP level 10. HP: 59/59 MP: 5/28
    10 | D        | Reached XP level 11. HP: 63/63 MP: 5/29
    10 | D        | Reached XP level 12. HP: 67/67 MP: 5/30
    10 | D        | Reached XP level 13. HP: 72/72 MP: 5/31
    10 | D        | Killed a meat berserker
    10 | D        | Reached * piety under Makhleb
    10 | D        | Reached skill level 10 in Armour
    10 | D        | Reached skill level 19 in Stealth
    10 | D        | Reached XP level 14. HP: 79/79 MP: 5/35
    11 | D        | Noticed a meat berserker
    13 | D        | HP: 3/79 [bag of meat/+9 war axe (29)]
    14 | D        | Noticed a bag of meat
    14 | D        | Killed a meat berserker
    14 | D        | Reached skill level 15 in Throwing
    14 | D        | Reached skill level 21 in Stealth
    14 | D        | Reached skill level 15 in Invocations
    14 | D        | Reached XP level 15. HP: 3/86 MP: 6/37
    14 | D        | Reached skill level 22 in Stealth
    14 | D        | Reached ** piety under Makhleb
    14 | D        | Reached skill level 23 in Stealth
    14 | D        | Reached skill level 24 in Stealth
    14 | D        | Reached XP level 16. HP: 3/93 MP: 6/40
    15 | D        | Noticed a meat berserker
    15 | D        | Noticed a meat berserker
    15 | D        | Reached skill level 15 in Fighting
    15 | D        | Reached skill level 15 in Unarmed Combat
    17 | D        | Noticed a meat berserker
    17 | D        | Annihilated by a meat berserker

Skill      XL: |  1  2  3  4  5  6  7  8  9 10 11 12 13 14 15 16 |
---------------+-------------------------------------------------+-----
Fighting       | 10 11 13 14 15 | 15.1
Axes           | 10 11 12 14 | 14.9
Throwing       | 11 13 15 16 17 | 17.4
Armour         | 9 10 12 13 | 13.9
Dodging        | 16 18 20 22 23 | 23.2
Stealth        | 17 19 21 24 | 24.7
Unarmed Combat | 10 11 13 14 15 | 15.1
Spellcasting   | 13 16 17 19 20 | 20.2
Invocations    | 11 13 15 16 17 | 17.4
Translocations | |  4.4

Action                   |  1- 3 |  4- 6 |  7- 9 | 10-12 | 13-15 | 16-18 || total
-------------------------+-------+-------+-------+-------+-------+-------++-------
Melee: Broad axe         |     1 |       |       |       |     1 |     1 ||     3
Dodge: Dodged            |       |       |       |       |     1 |     1 ||     2
